 Dungeon Crawl Stone Soup version 0.21.1-1-g345015f (webtiles) character file.

12914 nicolaieve the Severer (level 11, -5/95 HPs)
             Began as a Minotaur Berserker on July 18, 2018.
             Was a High Priest of Trog.
             Slain by a red ugly thing (21 damage)
             ... on level 11 of the Dungeon.
             The game lasted 00:40:41 (8197 turns).

nicolaieve the Severer (Minotaur Berserker)         Turns: 8197, Time: 00:40:41

Health: -5/95      AC: 17    Str: 26    XL:     11   Next: 68%
Magic:  10/10      EV:  8    Int:  7    God:    Trog [*****.]
Gold:   670        SH:  0    Dex:  9    Spells: 10/10 levels left

rFire    . . .     SeeInvis .   r - +1 executioner's axe (holy)
rCold    . . .     Gourm    .   (shield currently unavailable)
rNeg     . . .     Faith    .   l - +0 plate armour
rPois    .         Spirit   .   (helmet restricted)
rElec    .         Reflect  .   (no cloak)
rCorr    +         Harm     .   H - +0 pair of gloves
MR       ++...                  C - +0 pair of boots
Stlth    ..........             (no amulet)
HPRegen  1.25/turn              d - ring of resist corrosion
MPRegen  0.12/turn              t - +3 ring of intelligence

@: berserk cooldown, regenerating, slowed, very slow
A: retaliatory headbutt, horns 2
a: Berserk, Trog's Hand, Brothers in Arms, Burn Spellbooks, Renounce Religion


You were on level 11 of the Dungeon.
You worshipped Trog.
Trog was extremely pleased with you.
You were very hungry.

You visited 1 branch of the dungeon, and saw 11 of its levels.

You collected 670 gold pieces.

Inventory:

Hand Weapons
 a - a +0 hand axe
 r - a +1 executioner's axe of holy wrath (weapon)
 x - a +5 war axe
 z - a +2 antimagic battleaxe
 G - a +1 flail of protection
Armour
 l - a +0 plate armour (worn)
 C - a +0 pair of boots (worn)
 H - a +0 pair of gloves (worn)
Jewellery
 d - a ring of resist corrosion (left hand)
 e - an uncursed ring of magical power {unknown}
 t - a +3 ring of intelligence (right hand)
 w - the amulet "Nuruabyu" {RegenMP *Slow rPois Str+6, unknown}
   (You found it on level 6 of the Dungeon)

   [amulet of magic regeneration]

   It increases your magic regeneration.
   It affects your strength (+6).
   It protects you from poison.
   It may slow you when you take damage.
 E - an uncursed amulet of harm {unknown}
Wands
 b - a wand of disintegration (16)
 y - a wand of polymorph (13)
 A - a wand of flame (49)
 B - a wand of digging (16)
 F - a wand of paralysis (26)
Scrolls
 g - 8 scrolls of teleportation
 h - 5 scrolls of identify
 i - 3 scrolls of enchant weapon
 j - 4 scrolls of fear
 q - 2 scrolls of magic mapping
 u - 3 scrolls of fog
Potions
 f - 2 potions of cancellation
 k - a potion of agility
 m - a potion of mutation
 n - a potion of heal wounds
 o - 4 potions of haste
 p - 2 potions of flight
 s - 4 potions of curing
 v - a potion of lignification
Comestibles
 c - 14 rations
 D - 35 chunks of flesh


   Skills:
 - Level 8.9 Fighting
 * Level 17.9 Axes
 - Level 9.2 Armour
 - Level 2.1 Dodging


You had 10 spell levels left.
You didn't know any spells.

Dungeon Overview and Level Annotations

Branches:
Dungeon (11/15)            Temple (0/1) D:7            Lair (0/6) D:9
    Orc: D:9-12

Altars:
Ashenzari
Dithmenos
Elyvilon
Fedhas
Gozag
Qazlal
Uskayaw
Wu Jian
Xom
Yredelemnul
The Shining One

Shops:
D:8 (


Innate Abilities, Weirdness & Mutations

You reflexively headbutt those who attack you in melee.
You have a pair of horns on your head.


Message History

You closely miss the red ugly thing. The red ugly thing punches you.
You are engulfed in flames!!
* * * LOW HITPOINT WARNING * * *
The ice beast hits you but does no damage.
The red ugly thing barely misses you.
You feel much better.
You feel the effects of Trog's Hand fading.
The ice beast misses you. The red ugly thing punches you.
You are engulfed in flames!
* * * LOW HITPOINT WARNING * * *
The ice beast completely misses you. You furiously retaliate!
You headbutt the ice beast, but do no damage.
Unknown command.
You slash the ice beast!
You kill the ice beast!
Trog accepts your kill.
You hit the red ugly thing. The red ugly thing punches you!
* * * LOW HITPOINT WARNING * * *
You are engulfed in flames!!
You die...

##. .. ....... #########
#.### #.....#
........#.#...# #.....#
#....#.#.....# #.....####
...#.####..# #.........
#####(#.....#.## #........o
#..).)(.<##.#..###.))......
..()†()...(.#...@u.(.....r.
...#)########..†)).........
...........................
.....#########.....##......
...... .......# ......
...... ........# ......
....... .......#.# .....
....... .......#.# ..Y..
........


You could see a red ugly thing.

Vanquished Creatures
  4 two-headed ogres
  The ghost of aaksess the Magician, a novice GnIE of Ashenzari (D:8)
  The ghost of goulibeur the Schismatic, a novice DsAK of Lugonu (D:7)
  The ghost of Kuinu the Slasher, a novice MiFi of the Shining One (D:5)
  A gargoyle (D:11)
  A kobold demonologist (D:11)
  A komodo dragon (D:9)
  A queen bee (D:10)
  A troll (D:10)
  A wyvern (D:10)
  3 yaks (D:11)
  2 hungry ghosts (D:8)
  A water moccasin (D:8)
  5 orc warriors
  A sky beast (D:5)
  A phantom (D:4)
  The ghost of Exporg the Shield-Bearer, an amateur HOFi (D:3)
  2 ice beasts
  2 necrophages
  An ogre (D:4)
  11 centaurs
  2 big kobolds (D:9)
  11 bullfrogs
  A gnoll sergeant (D:6)
  7 scorpions
  18 killer bees
  5 wights (D:6)
  A howler monkey (D:6)
  3 bullfrog zombies
  4 crimson imps
  7 jellies
  4 hounds
  A quasit (D:10)
  A centaur zombie (D:9)
  7 orc priests
  5 centaur skeletons
  A gnoll shaman (D:4)
  A bullfrog skeleton (D:10)
  15 orc wizards
  Natasha (thrice) (D:4)
  3 iguanas
  10 worker ants
  A hound skeleton (D:6)
  A howler monkey skeleton (D:8)
  2 worker ant zombies
  7 gnolls
  11 adders
  A shadow imp (D:5)
  An adder skeleton (D:8)
  2 worms (D:2)
  2 dart slugs (D:2)
  5 leopard geckos
  40 orcs
  2 giant cockroaches
  9 hobgoblins
  11 jackals
  6 quokkas
  11 bats
  4 frilled lizards
  A giant cockroach zombie (D:6)
  2 gnoll zombies (D:5)
  10 goblins
  17 kobolds
  2 leopard gecko skeletons
  A quokka skeleton (D:5)
  10 rats
  A plant (D:9)
313 creatures vanquished.

Notes
Turn   | Place    | Note
-------+----------+-------------------------------------------
     0 | D:1      | nicolaieve the Minotaur Berserker began the quest for the Orb.
     0 | D:1      | Reached XP level 1. HP: 19/19 MP: 0/0
    28 | D:1      | You fall through a shaft!
    54 | D:2      | Reached skill level 4 in Axes
    54 | D:2      | Reached XP level 2. HP: 22/26 MP: 1/1
   254 | D:2      | HP: 1/26 [dart slug/slug dart (3)]
   256 | D:2      | Reached skill level 5 in Axes
   354 | D:1      | Reached XP level 3. HP: 2/31 MP: 2/2
   723 | D:1      | Reached ** piety under Trog
  1412 | D:2      | Reached XP level 4. HP: 39/39 MP: 3/3
  1421 | D:2      | Reached skill level 6 in Axes
  1935 | D:2      | Found a shimmering altar of Xom.
  2062 | D:3      | Reached skill level 7 in Axes
  2062 | D:3      | Reached XP level 5. HP: 39/45 MP: 4/4
  2150 | D:3      | Noticed Exporg's ghost (amateur HOFi)
  2159 | D:3      | Killed Exporg's ghost
  2234 | D:3      | Found a faded altar of an unknown god.
  2249 | D:3      | Reached skill level 8 in Axes
  2497 | D:3      | Reached *** piety under Trog
  2548 | D:4      | Reached XP level 6. HP: 40/51 MP: 5/5
  2722 | D:4      | Reached skill level 9 in Axes
  2857 | D:4      | Noticed Natasha
  3141 | D:4      | Reached XP level 7. HP: 57/57 MP: 6/6
  3182 | D:4      | Killed Natasha
  3207 | D:4      | Reached skill level 10 in Axes
  3239 | D:4      | Noticed Natasha
  3240 | D:4      | Killed Natasha
  3356 | D:4      | Noticed Natasha
  3359 | D:4      | Killed Natasha
  3393 | D:4      | Reached **** piety under Trog
  3394 | D:4      | Reached skill level 11 in Axes
  3560 | D:5      | Entered Level 5 of the Dungeon
  3599 | D:5      | Noticed Kuinu's ghost (novice MiFi)
  3606 | D:5      | Killed Kuinu's ghost
  3606 | D:5      | Reached skill level 12 in Axes
  3606 | D:5      | Reached XP level 8. HP: 64/64 MP: 7/7
  4021 | D:5      | Found a basalt altar of Yredelemnul.
  4188 | D:6      | Reached skill level 13 in Axes
  4272 | D:6      | Got a brightly glowing ruby amulet
  4466 | D:6      | Found a white marble altar of Elyvilon.
  4510 | D:6      | Reached XP level 9. HP: 54/70 MP: 2/8
  4516 | D:6      | Reached skill level 14 in Axes
  4638 | D:7      | Noticed goulibeur's ghost (novice DsAK)
  4653 | D:7      | Killed goulibeur's ghost
  4656 | D:7      | Reached skill level 15 in Axes
  4835 | D:7      | Found a shadowy altar of Dithmenos.
  5056 | D:7      | Found a staircase to the Ecumenical Temple.
  5081 | D:7      | Reached ***** piety under Trog
  5369 | D:7      | Found an opulent altar of Gozag.
  5668 | D:8      | Found Jop Kitipp's Weapon Boutique.
  5685 | D:8      | Reached skill level 16 in Axes
  5696 | D:8      | Noticed aaksess's ghost (novice GnIE)
  5721 | D:8      | Killed aaksess's ghost
  5721 | D:8      | Reached XP level 10. HP: 56/77 MP: 9/9
  6138 | D:8      | Found a stormy altar of Qazlal.
  6225 | D:8      | Noticed a two-headed ogre
  6231 | D:8      | Killed a two-headed ogre
  6231 | D:8      | Reached skill level 5 in Fighting
  6231 | D:8      | Reached skill level 5 in Armour
  6379 | D:8      | Paralysed by a centaur for 6 turns
  6532 | D:9      | Noticed a two-headed ogre
  6537 | D:9      | Killed a two-headed ogre
  6591 | D:9      | Found a hide-covered altar of Uskayaw.
  6738 | D:9      | Noticed a two-headed ogre
  6741 | D:9      | Noticed a two-headed ogre
  6747 | D:9      | Killed a two-headed ogre
  6750 | D:9      | Killed a two-headed ogre
  6750 | D:9      | Reached XP level 11. HP: 94/94 MP: 10/10
  6831 | D:9      | Found a blossoming altar of Fedhas.
  6833 | D:9      | Found an opulent altar of Gozag.
  6838 | D:9      | Found an ornate altar of the Wu Jian Council.
  6839 | D:9      | Found a glowing golden altar of the Shining One.
  6856 | D:9      | Found a shattered altar of Ashenzari.
  6938 | D:9      | Found a staircase to the Lair.
  6980 | D:10     | Entered Level 10 of the Dungeon
  7194 | D:10     | Received a gift from Trog
  7780 | D:10     | HP: 4/95 [killer bee (7)]
  7784 | D:10     | Reached skill level 17 in Axes
  8170 | D:11     | Noticed a soul eater
  8191 | D:11     | Noticed a red ugly thing
  8197 | D:11     | Slain by a red ugly thing

Skill      XL: |  1  2  3  4  5  6  7  8  9 10 11 |
---------------+----------------------------------+-----
Axes           | 4 5 7 8 9 12 13 16 17 | 17.9
Fighting       | 8 |  8.9
Armour         | 8 9 |  9.2
Dodging        | |  2.1

Action                   |  1- 3 |  4- 6 |  7- 9 | 10-12 || total
-------------------------+-------+-------+-------+-------++-------
Melee: Hand axe          |    92 |   152 |       |       ||   244
       Headbutt          |     8 |    25 |    37 |    53 ||   123
       War axe           |       |       |   219 |   168 ||   387
       Executioner's axe |       |       |       |    96 ||    96
Invok: Berserk           |       |     5 |     6 |     6 ||    17
       Trog's Hand       |       |     2 |       |     3 ||     5
       Burn Spellbooks   |       |     2 |       |     3 ||     5
  Use: Scroll            |       |       |    16 |     2 ||    18
       Potion            |       |       |       |     3 ||     3
  Eat: Chunk             |     1 |    11 |    11 |    12 ||    35
       Ration            |       |       |     1 |     2 ||     3
Armor: Animal skin       |    10 |       |       |       ||    10
       Plate armour      |    35 |   103 |    86 |   195 ||   419
       Scale mail        |    19 |       |     3 |       ||    22
       Ring mail         |     5 |       |       |       ||     5
Dodge: Dodged            |    67 |    44 |    51 |   133 ||   295
